 Dungeon Crawl Stone Soup version 0.14-a0-1837-g7fb8695 (webtiles) character file.

442 Jenx the Covered (level 6, 0/39 HPs)
             Began as a High Elf Skald on Jan 10, 2014.
             Slain by Edmund
             ... wielding a +5,+2 flail of protection
              (4 damage)
             ... on Level 4 of the Dungeon.
             The game lasted 00:11:49 (3467 turns).

Jenx the Covered (High Elf Skald)                   Turns: 3467, Time: 00:11:50

HP   0/39        AC  7     Str 11      XL: 6   Next: 24%
MP  14/15        EV  9     Int 18      God:
Gold 116         SH  0     Dex 15      Spells:  3 memorised,  3 levels left

rFire  . . .     SeeInvis .     a - +0 elf falchion
rCold  + . .     Clarity  .     o - +1 ring mail {rC+}
rNeg   . . .     Conserve .     (no shield)
rPois  +         rCorr    +     (no helmet)
rElec  .         rRot     .     (no cloak)
SustAb . .       Spirit   .     (no gloves)
rMut   .         Warding  .     (no boots)
Saprov . . .     Stasis   .     i - amulet of resist corrosion
                                (no ring)
                                q - ring of poison resistance

@: slightly resistant to hostile enchantments, very unstealthy
A: no striking features
a: no special abilities


You were on level 4 of the Dungeon.
You were not hungry.

You visited 1 branch of the dungeon, and saw 4 of its levels.

You collected 116 gold pieces.

Inventory:

Hand weapons
 a - a +0,+0 elven falchion (weapon)
Missiles
 g - 9 darts (quivered)
Armour
 b - a +0 elven leather armour
 o - a +1 ring mail of cold resistance (worn)
Comestibles
 d - a bread ration
 h - 3 rotting chunks of orc flesh
 j - a rambutan
 l - a rotting chunk of ball python flesh
 r - a lemon
 s - 2 chunks of worker ant flesh
 v - a meat ration
 x - a chunk of hound flesh
 A - a chunk of giant cockroach flesh
Scrolls
 f - a scroll of recharging
 m - a scroll of enchant weapon II {unknown}
 u - a scroll of magic mapping
Jewellery
 i - an amulet of resist corrosion (around neck)
 q - a ring of poison resistance (left hand)
Potions
 n - a potion of agility {unknown}
 p - a potion of restore abilities {unknown}
 t - a potion of curing
 w - a potion of porridge
 z - a potion of heal wounds {unknown}
Books
 c - a book of Battle

   Spells                             Type                      Level
   *Infusion                          Charms                       1
   Shroud of Golubria                 Charms/Translocation         2
   *Song of Slaying                   Charms                       2
   Spectral Weapon                    Hexes/Charms                 3
   *Regeneration                      Charms/Necromancy            3


   Skills:
 - Level 2.0 Fighting
 - Level 2.4 Long Blades
 - Level 5.0 Armour
 - Level 3.0 Dodging
 - Level 2.4 Spellcasting
 + Level 4.1 Charms


You had 3 spell levels left.
You knew the following spells:

 Your Spells              Type           Power        Failure   Level  Hunger
a - Infusion              Chrm           ###...       6%          1    #......
b - Song of Slaying       Chrm           ###.....     10%         2    ##.....
c - Regeneration          Chrm/Necr      #.........   34%         3    ###....


Dungeon Overview and Level Annotations

Branches:
Dungeon (4/16)
 Temple: D:4-7

Altars:
Fedhas

Annotations:
D:4 Edmund


Message History

You hit Edmund.
Edmund is heavily wounded.
Edmund barely misses you.
Drink which item? (? for menu, Esc to quit)
You feel better. Edmund hits you with a runed flail.
You hit Edmund.
Edmund is heavily wounded.
Edmund hits you with a runed flail.
You barely miss Edmund.
Edmund is heavily wounded.
Edmund hits you with a runed flail!
* * * LOW HITPOINT WARNING * * *
You hit Edmund.
Edmund is heavily wounded.
Edmund hits you with a runed flail.
* * * LOW HITPOINT WARNING * * *
You barely miss Edmund.
Edmund is heavily wounded.
Edmund hits you with a runed flail.
You die...

############
#########...[......##
#......##.##.#.###...
#.####.##.##.#.###.##
#.#..........#.....[.
#.#.##.##.#..#..##.##
#.#.##%##.......##.##
#...@..####..........
###@#### #.....#####
####.#### #######
#.......#
......##.##.# ###h
#.(##.# .. #.###.#
........@.........
..#.#.#####....


You could see Edmund.

Vanquished Creatures
  The ghost of lauthentik the Magician, an average DrWz (D:3)
  A hound (D:4)
  An orc wizard (D:3)
  A worker ant (D:4)
  Terence (D:3)
  7 adders
  A giant mite (D:1)
  4 giant geckos
  An ooze (D:2)
  2 orcs (D:3)
  4 ball pythons
  9 bats
  7 hobgoblins
  9 jackals
  2 quokkas
  13 giant cockroaches
  3 giant newts
  4 goblins
  7 kobolds
  9 rats
87 creatures vanquished.

Notes
Turn   | Place    | Note
--------------------------------------------------------------
     0 | D:1      | Jenx, the High Elf Skald, began the quest for the Orb.
     0 | D:1      | Reached XP level 1. HP: 14/14 MP: 4/4
    28 | D:1      | Reached skill level 1 in Armour
   125 | D:1      | Reached XP level 2. HP: 12/19 MP: 0/6
   499 | D:1      | Learned a level 2 spell: Song of Slaying
   615 | D:1      | Reached XP level 3. HP: 21/24 MP: 8/8
   697 | D:1      | Learned a level 3 spell: Regeneration
  1210 | D:2      | Reached XP level 4. HP: 15/29 MP: 9/11
  1935 | D:3      | Noticed Terence
  1943 | D:3      | Killed Terence
  1952 | D:3      | Found a blossoming altar of Fedhas.
  2320 | D:3      | Reached XP level 5. HP: 21/34 MP: 12/12
  2470 | D:3      | Noticed lauthentik's ghost (average DrWz)
  2492 | D:3      | Killed lauthentik's ghost
  2492 | D:3      | Reached skill level 4 in Armour
  3228 | D:3      | Reached XP level 6. HP: 26/39 MP: 15/15
  3336 | D:4      | Reached skill level 5 in Armour
  3376 | D:4      | Noticed Edmund
  3467 | D:4      | Slain by Edmund

Action                   |  1- 3 |  4- 6 || total
-------------------------+-------+-------++-------
Melee: Falchion          |   128 |   230 ||   358
Throw: Dart              |     1 |     4 ||     5
       Javelin           |       |    11 ||    11
 Cast: Infusion          |     2 |     2 ||     4
  Use: Scroll            |       |     5 ||     5
       Potion            |       |     1 ||     1
